 Dungeon Crawl Stone Soup version 0.18-a0-1507-g69458e0 (webtiles) character file.

19840 Arkorax the Severer (level 12, 0/115 HPs)
             Began as a Minotaur Wanderer on Mar 5, 2016.
             Was the Champion of Okawaru.
             Slain by an eight-headed hydra (9 damage)
             ... on level 2 of the Lair of Beasts.
             The game lasted 00:20:43 (15204 turns).

Arkorax the Severer (Minotaur Wanderer)            Turns: 15204, Time: 00:20:44

Health: 0/115      AC: 23    Str: 24    XL:     12   Next: 40%
Magic:  11/11      EV:  8    Int: 13    God:    Okawaru [******]
Gold:   656        SH:  0    Dex: 12    Spells: 0 memorised, 11 levels left

rFire  . . .     SeeInvis .     p - +7 morningstar "Juol" {venom, rElec rPois Str+3 Int+2}
rCold  + . .     Gourm    .     S - +3 chain mail {rC+}
rNeg   . . .     Faith    .     (no shield)
rPois  +         Spirit   .     J - +2 hat {Int+3}
rElec  +         Dismiss  .     (no cloak)
rCorr  +         Reflect  .     x - +2 pair of gloves
SustAt .         Harm     .     X - +1 pair of boots {Fly}
MR     +....                    O - amulet of rage
Stlth  ..........               y - ring of protection from magic
                                n - ring of resist corrosion

@: flying, somewhat resistant to hostile enchantments, extremely unstealthy
A: retaliatory headbutt, horns 2
a: Heroism, Finesse, Renounce Religion, Evoke Berserk Rage, Stop Flying


You were on level 2 of the Lair of Beasts.
You worshipped Okawaru.
Okawaru was exalted by your worship.
You were not hungry.

You visited 4 branches of the dungeon, and saw 16 of its levels.
You also visited: Bailey.

You collected 957 gold pieces.
You spent 301 gold pieces at shops.

Inventory:

Hand Weapons
 p - the +7 morningstar "Juol" (weapon) {venom, rElec rPois Str+3 Int+2}
   (You found it on level 11 of the Dungeon)

   It poisons the flesh of those it strikes.
   It affects your strength (+3).
   It affects your intelligence (+2).
   It insulates you from electricity.
   It protects you from poison.
 C - a +0 vampiric battleaxe
Missiles
 q - 8 bolts
 v - 2 throwing nets (quivered)
Armour
 c - the +3 hat of Pondering {ponderous, MR+ MP+10 Int+5}
   (You took it off Gastronok on level 10 of the Dungeon)

   It affects your intelligence (+5).
   It affects your resistance to hostile enchantments.
   It affects your magic capacity (+10).
 x - a +2 pair of gloves (worn)
 J - a +2 hat of intelligence (worn)
 S - a +3 chain mail of cold resistance (worn)
 X - a +1 pair of boots of flying (worn)
Jewellery
 n - a ring of resist corrosion (left hand)
 y - a ring of protection from magic (right hand)
 O - an amulet of rage (around neck)
 T - a cursed amulet of inaccuracy {unknown}
Wands
 o - a wand of iceblast (15/15)
 t - a wand of random effects (17/48)
 E - a wand of disintegration (15/24)
 F - a wand of disintegration (7/24)
 N - a wand of digging (19/24)
Scrolls
 a - a scroll of remove curse
 b - 2 scrolls of fear
 g - 3 scrolls of amnesia
 j - 2 scrolls of noise
 m - 6 scrolls of teleportation
 r - 4 scrolls of random uselessness
 B - a scroll of fog
 H - 2 scrolls of recharging
 I - 4 scrolls of identify
 W - a scroll of summoning
Potions
 e - a potion of berserk rage {unknown}
 h - 2 potions of brilliance {unknown}
 i - a potion of resistance {unknown}
 k - 4 potions of degeneration {unknown}
 l - 4 potions of lignification
 u - a potion of magic {unknown}
 A - 6 potions of curing
 D - a potion of cure mutation {unknown}
 G - a potion of mutation
 K - 2 potions of flight
 M - 2 potions of ambrosia {unknown}
 Q - a potion of cancellation {unknown}
 Z - 2 potions of haste {unknown}
Books
 d - an Akashic Record

   Spells                             Type                      Level
   a - Dispersal                      Translocation                6
   b - Malign Gateway                 Summoning/Translocation      7
   c - Disjunction                    Translocation                8
   d - Controlled Blink               Translocation                8
 L - a book of Changes

   Spells                             Type                      Level
   a - Beastly Appendage              Transmutation                1
   b - Sticks to Snakes               Transmutation                2
   c - Spider Form                    Transmutation/Poison         3
   d - Ice Form                       Ice/Transmutation            4
   e - Blade Hands                    Transmutation                5
 V - a book of Death

   Spells                             Type                      Level
   a - Corpse Rot                     Necromancy                   2
   b - Sublimation of Blood           Necromancy                   2
   c - Agony                          Necromancy                   5
   d - Dispel Undead                  Necromancy                   5
   e - Excruciating Wounds            Charms/Necromancy            5
   f - Bolt of Draining               Conjuration/Necromancy       5
 Y - a book of Spatial Translocations

   Spells                             Type                      Level
   a - Apportation                    Translocation                1
   b - Blink                          Translocation                2
   c - Shroud of Golubria             Charms/Translocation         2
   d - Portal Projectile              Translocation                3
   e - Teleport Other                 Translocation                3
   f - Passage of Golubria            Translocation                4
Comestibles
 f - 4 bread rations
 w - 5 fruits
 z - 3 meat rations
 R - 4 royal jellies
 U - 2 slices of pizza


   Skills:
 + Level 13.6 Fighting
 * Level 16.2 Axes
   Level 1.1 Crossbows
 + Level 12.0 Armour
 - Level 1.0 Stealth
 - Level 1.0 Evocations


You had 11 spell levels left.
You didn't know any spells.

Dungeon Overview and Level Annotations

Branches:
Dungeon (12/15)            Temple (1/1) D:5            Lair (2/8) D:9
    Orc (1/2) D:9

Altars:
Ashenzari
Cheibriados
Dithmenos
Elyvilon
Fedhas
Gozag
Kikubaaqudgha
Makhleb
Nemelex Xobeh
Okawaru
Pakellas
Qazlal
Ru
Sif Muna
Trog
Vehumet
Xom
Yredelemnul
Zin
The Shining One

Shops:
D:4 ?   D:7 [}=?   D:9 =   D:10 !


Innate Abilities, Weirdness & Mutations

You reflexively headbutt those who attack you in melee.
You have a pair of horns on your head.


Message History

Unknown command.
You are too injured to fight recklessly!
Unknown command.
You are too injured to fight recklessly!
Unknown command.
You are too injured to fight recklessly!
Unknown command.
You are too injured to fight recklessly!
Unknown command.
You barely miss the river rat. Your headbutt misses the river rat.
The eight-headed hydra bites you.
* * * LOW HITPOINT WARNING * * *
The eight-headed hydra barely misses you.
The eight-headed hydra closely misses you.
The eight-headed hydra bites you!
* * * LOW HITPOINT WARNING * * *
The eight-headed hydra bites you but does no damage.
The eight-headed hydra barely misses you.
The eight-headed hydra bites you!
You die...

..## ..P# #.......P###.
..# #............ ..##
### ##............
...###.####P............
................%.......
.<......#......:P.%%$%..
###.....#..........P%...
#.....#.......@D......
##.....#......rrr......
#......+P.......%rr...r
##.....PP.##...........
###.................r...
#...#####.#.#...###P#...
##..# #####..## ##...
....# #..# .. ....# ♣♣♣


You could see an eight-headed hydra and 7 river rats.

Vanquished Creatures
  Gastronok (D:10)
  2 hydras (Lair:1)
  Erolcha (D:10)
  2 hill giants
  Pikel (D:5)
  An ugly thing (D:11)
  A black mamba (Lair:1)
  An elephant (D:9)
  2 centaur zombies
  4 spiny frogs
  2 komodo dragons (Lair:1)
  2 trolls (D:9)
  2 two-headed ogres
  5 blink frogs (Lair:2)
  The ghost of Shelf the Insei, an amateur OpTm (D:3)
  A spriggan (D:7)
  A hill giant zombie (D:9)
  A wyvern (D:11)
  11 yaks
  Eustachio (D:6)
  3 hungry ghosts
  4 wolves (Lair:2)
  Menkaure (D:7)
  3 hippogriffs
  5 vampire mosquitoes (D:11)
  A warg (Orc:1)
  A water moccasin (D:11)
  6 porcupines (Lair:1)
  4 orc warriors
  An ice beast (D:10)
  A wasp (D:10)
  A necrophage (D:10)
  A slave (D:5)
  A black bear (D:9)
  2 crocodiles
  4 ogres
  3 phantoms
  3 big kobolds
  9 giant frogs
  A wyvern skeleton (D:10)
  4 killer bees (D:10)
  4 wights (D:8)
  An electric eel (D:7)
  9 howler monkeys
  5 crimson imps
  A quasit (D:6)
  A giant frog zombie (D:6)
  A jelly (D:5)
  3 orc wizards
  5 orc priests
  5 hounds
  4 iguanas
  6 worker ants
  Terence (D:2)
  Natasha (thrice) (D:4)
  A sheep (D:9)
  5 ogre zombies (D:9)
  A hound skeleton (D:7)
  A howler monkey zombie (D:7)
  A worker ant zombie (D:7)
  Robin (D:2)
  4 gnolls (D:7)
  6 adders
  16 river rats (Lair:1)
  A shadow imp (D:6)
  An adder zombie (D:8)
  3 worms (D:2)
  4 dart slugs
  5 giant geckos
  37 orcs
  12 bats
  6 giant cockroaches
  21 goblins
  13 hobgoblins
  3 jackals (D:7)
  6 quokkas
  A giant gecko skeleton (D:5)
  A giant gecko zombie (D:8)
  3 giant newts (D:2)
  A goblin skeleton (D:9)
  3 goblin zombies (D:9)
  A hobgoblin skeleton (D:9)
  A hobgoblin zombie (D:9)
  A jackal skeleton (D:6)
  16 kobolds
  3 orc skeletons (D:9)
  10 orc zombies (D:9)
  9 rats
  A butterfly (D:2)
350 creatures vanquished.

Vanquished Creatures (collateral kills)
  A blink frog (D:9)
  An ogre (D:9)
2 creatures vanquished.

Vanquished Creatures (others)
  An orc priest (D:5)
  An orc wizard (D:5)
  2 orcs (D:5)
  5 fungi
  A plant (Lair:2)
10 creatures vanquished.

Grand Total: 362 creatures vanquished

Notes
Turn   | Place    | Note
--------------------------------------------------------------
     0 | D:1      | Arkorax the Minotaur Wanderer began the quest for the Orb.
     0 | D:1      | Arkorax set off with: a +2 hand axe, a +0 hand crossbow, 25 bolts, a potion of curing, a +0 robe, a bread ration
     0 | D:1      | Reached XP level 1. HP: 22/22 MP: 0/0
    56 | D:1      | Reached skill level 5 in Fighting
    56 | D:1      | Reached skill level 2 in Axes
    76 | D:1      | Reached XP level 2. HP: 23/29 MP: 1/1
   633 | D:2      | Reached skill level 3 in Axes
   633 | D:2      | Reached XP level 3. HP: 26/36 MP: 2/2
  1013 | D:2      | Noticed Robin
  1208 | D:2      | Killed Robin
  1208 | D:2      | Reached XP level 4. HP: 15/42 MP: 3/3
  1550 | D:2      | Noticed Terence
  1556 | D:2      | Killed Terence
  1556 | D:2      | Reached skill level 4 in Axes
  1914 | D:2      | Found a basalt altar of Yredelemnul.
  1993 | D:2      | Found a shimmering altar of Xom.
  2370 | D:2      | Reached XP level 5. HP: 26/50 MP: 4/4
  2914 | D:3      | Reached skill level 5 in Axes
  3329 | D:3      | Reached XP level 6. HP: 58/58 MP: 5/5
  3376 | D:3      | Noticed Shelf's ghost (amateur OpTm)
  3390 | D:3      | Killed Shelf's ghost
  3768 | D:4      | Noticed Natasha
  3771 | D:4      | Killed Natasha
  3771 | D:4      | Reached skill level 6 in Axes
  3774 | D:4      | Noticed Natasha
  3783 | D:4      | Killed Natasha
  3812 | D:4      | Reached XP level 7. HP: 41/66 MP: 6/6
  3841 | D:4      | Found Aclonog's Magic Scroll Shoppe.
  3853 | D:4      | Noticed Natasha
  3859 | D:4      | Killed Natasha
  4052 | D:4      | Found a stormy altar of Qazlal.
  4494 | D:5      | Entered Level 5 of the Dungeon
  4497 | D:5      | Found a staircase to the Ecumenical Temple.
  4510 | Temple   | Entered the Ecumenical Temple
  4648 | Temple   | Became a worshipper of Warmaster Okawaru
  4775 | D:5      | Noticed Pikel
  4803 | D:5      | Killed Pikel
  4803 | D:5      | Reached skill level 7 in Axes
  4803 | D:5      | Reached skill level 5 in Armour
  4803 | D:5      | Reached XP level 8. HP: 58/75 MP: 7/7
  5238 | D:5      | Reached skill level 8 in Axes
  5708 | D:6      | Noticed Eustachio
  5719 | D:6      | Killed Eustachio
  5719 | D:6      | Reached * piety under Okawaru
  5815 | D:6      | Found a radiant altar of Vehumet.
  6048 | D:7      | Found Votutyok's Gadget Emporium.
  6051 | D:7      | Reached skill level 9 in Axes
  6128 | D:7      | Found Cebbal's Jewellery Emporium.
  6186 | D:7      | Noticed Menkaure
  6198 | D:7      | Killed Menkaure
  6629 | D:7      | Found Iruiklai's Magic Scroll Shop.
  6637 | D:7      | Reached ** piety under Okawaru
  6637 | D:7      | Reached XP level 9. HP: 49/85 MP: 8/8
  7078 | D:7      | Found Qenuddeo's Armour Shop.
  7081 | D:7      | Bought a +2 chain mail of cold resistance for 301 gold pieces
  7320 | D:8      | Found a flagged portal.
  7336 | Bailey   | Entered a bailey
  7336 | Bailey   | Noticed an orc knight
  7337 | Bailey   | Noticed an orc knight
  7387 | D:8      | Reached skill level 10 in Fighting
  7387 | D:8      | Reached skill level 10 in Axes
  8169 | D:9      | Found a staircase to the Orcish Mines.
  8244 | D:9      | Reached *** piety under Okawaru
  8397 | D:9      | Reached skill level 11 in Axes
  8775 | D:9      | Found a staircase to the Lair.
  8782 | D:9      | Noticed an elephant
  8805 | D:9      | Killed an elephant
  8805 | D:9      | Reached XP level 10. HP: 56/94 MP: 6/9
  8855 | D:9      | Reached **** piety under Okawaru
  8936 | D:9      | Found Tipt's Jewellery Shop.
  9231 | D:9      | Reached skill level 12 in Axes
  9543 | Orc:1    | Entered Level 1 of the Orcish Mines
 10103 | D:10     | Entered Level 10 of the Dungeon
 10103 | D:10     | Found Uggakah's Distillery.
 10572 | D:10     | Reached ***** piety under Okawaru
 10591 | D:10     | Noticed Erolcha
 10610 | D:10     | Killed Erolcha
 10610 | D:10     | Reached skill level 13 in Axes
 11018 | D:10     | Reached skill level 10 in Armour
 11056 | D:10     | Noticed Gastronok
 11076 | D:10     | Killed Gastronok
 11076 | D:10     | Reached XP level 11. HP: 104/104 MP: 10/10
 11247 | D:11     | Reached skill level 14 in Axes
 11281 | D:11     | Noticed a hill giant
 11422 | D:11     | Killed a hill giant
 11829 | D:11     | Reached ****** piety under Okawaru
 11874 | D:11     | Noticed a green ugly thing
 11896 | D:11     | Killed a green ugly thing
 12382 | D:11     | Got a scorched morningstar
 12383 | D:11     | Identified the +7 morningstar "Juol" {venom, rElec rPois Str+3 Int+2} (You found it on level 11 of the Dungeon)
 12422 | D:12     | Noticed a hill giant
 12433 | D:12     | Killed a hill giant
 12435 | D:12     | Noticed an ogre mage
 12778 | Lair:1   | Entered Level 1 of the Lair of Beasts
 12802 | Lair:1   | Received a gift from Okawaru
 12830 | Lair:1   | Reached skill level 15 in Axes
 13315 | Lair:1   | Noticed an eight-headed hydra
 13805 | Lair:1   | Killed an eight-headed hydra
 13893 | Lair:1   | Found a blossoming altar of Fedhas.
 14206 | Lair:1   | Noticed a five-headed hydra
 14216 | Lair:1   | Killed a five-headed hydra
 14216 | Lair:1   | Reached XP level 12. HP: 51/115 MP: 11/11
 14940 | Lair:2   | Received a gift from Okawaru
 14940 | Lair:2   | Reached skill level 16 in Axes
 15196 | Lair:2   | Noticed an eight-headed hydra
 15204 | Lair:2   | Slain by an eight-headed hydra

Vault maps used:
D:1:      tarquinn_simple_flora_water_e, serial_bayou_ford_a,
          minmay_misc_feat_plants, fountainhead, minmay_misc_feat_tiny
D:2:      lemuel_crystal_altar, xom_butterflies, corexii_hall_statues_l,
          uniq_terence, uniq_robin
D:4:      overflow_temple_1_default, serial_shops, shop_scrolls, uniq_natasha
D:5:      minmay_temple_entry_statues, first_bread, nrook_mini_vaults,
          glass_columns_a, corexii_hall_statues_x, kennysheep_generic_room_14,
          uniq_pikel
D:6:      vehumet_altar_wand_db, uniq_eustachio
D:7:      serial_shops, nicolae_shop_waterfront, nicolae_shop_behind_doors,
          shop, nicolae_shop_waterfront, the_bakery, uniq_menkaure
D:8:      enter_bailey_3
D:9:      david_lair_generic, zombieorc1_lemuel, serial_shops,
          nicolae_shop_trees
D:10:     serial_shops, nicolae_shop_crystal, basic_loot_grate_trap,
          uniq_erolcha, uniq_gastronok
D:12:     minmay_swirls_squares, basic_altar, minmay_liquid_box, uniq_nergalle
Temple:   nicolae_temple_elliptical
Lair:1:   basic_altar, beast_lair_carwin_8
Lair:2:   bh_autumn_forest_stairs, lemuel_fruit_tree
Orc:1:    nooodl_orcs_dogs
Bailey:   bailey_polearm_4, bailey

Skill      XL: |  1  2  3  4  5  6  7  8  9 10 11 12 |
---------------+-------------------------------------+-----
Fighting       | 5 6 7 8 9 10 12 13 | 13.6
Axes           | 2 3 4 5 6 7 9 11 13 15 16 | 16.2
Armour         | 3 4 5 6 8 10 11 12 | 12.0
Crossbows      | |  1.1
Stealth        | |  1.0
Evocations     | |  1.0

Action                   |  1- 3 |  4- 6 |  7- 9 | 10-12 || total
-------------------------+-------+-------+-------+-------++-------
Melee: Hand axe          |    98 |   131 |   433 |   387 ||  1049
       Morningstar       |       |       |       |   138 ||   138
       Battleaxe         |       |       |       |    26 ||    26
 Fire: Hand crossbow     |       |       |    14 |       ||    14
Invok: Heroism           |       |       |     1 |     1 ||     2
 Abil: Evoke Berserk Rag |       |       |       |     2 ||     2
Evoke: Wand              |       |     1 |       |     1 ||     2
  Use: Potion            |       |     4 |     1 |     5 ||    10
       Scroll            |       |       |    20 |     3 ||    23
 Stab: Sleeping          |     1 |       |       |       ||     1
       Distracted        |       |       |     1 |       ||     1
  Eat: Chunk             |       |     3 |     2 |     5 ||    10
       Bread ration      |       |     1 |     3 |     7 ||    11
       Fruit             |       |     2 |     2 |       ||     4
       Meat ration       |       |       |     1 |       ||     1
